 Dungeon Crawl Stone Soup version 0.30-a0-760-g5a9884bb7c (webtiles) character file.

Game seed: 9451526300672411242

15390 pon the Fighter (level 12, -28/101 HPs)
             Began as a Djinni Conjurer on Feb 11, 2023.
             Was a High Priest of Ashenzari.
             Killed from afar by Jorgrun (59 damage)
             ... with an iron shot
             ... on level 9 of the Dungeon.
             The game lasted 01:59:15 (15483 turns).

pon the Fighter (Djinni Conjurer)                  Turns: 15483, Time: 01:59:15

Health: -28/101    AC:  6    Str:  6    XL:     12   Next: 57%
Gold:   606        EV: 28    Int: 25    God:    Ashenzari [*****.] SH:  3 Dex: 12

rFire   + + .      SeeInvis +    t - staff of death (curse) {Evo, Melee}
rCold   . . .      Faith    .    i - +0 buckler of Ashenzari's Henotheism {Evo, Melee} (curse)
rNeg    + . .      Spirit   .    a - +0 robe "Eternal With Me" {Cun, Range} (curse)
rPois   ∞          Reflect  .    l - +2 hat of Ashenzari's Paranoia {Self, Evo} (curse)
rElec   .          Harm     .    A - +0 cloak of the Ruined Lethargy {Cun, Melee} (curse)
rCorr   .          Rampage  .    z - +0 pair of gloves "I Knew You'd Do That" {Range, Evo} (curse)
Will    +....      Clarity  +    (boots unavailable)
Stlth   ++++                     B - amulet of Ashenzari's Lethargy {Acrobat, Cun, Range} (curse)
HPRegen 0.36/turn                w - ring of see invisible
MPRegen 0.00/turn                f - ring of Supernal Knowledge {rC+, Melee, Fort} (curse)

@: acrobatic, flying
A: sickness immunity, fire resistance 2, cold vulnerability 1, float, innate
caster, HP casting, extra vitality 1
a: Renounce Religion, Curse Item, Shatter the Chains


You were on level 9 of the Dungeon.
You worshipped Ashenzari.
Ashenzari was extremely pleased with you.
You visited 3 branches of the dungeon, and saw 15 of its levels.

You collected 763 gold pieces.
You spent 157 gold pieces at shops.

Inventory:

Hand Weapons
 x - a +2 dagger of venom
Armour
 a - the cursed +0 robe "Eternal With Me" (worn) {Cun, Range}

   It has a curse which improves the following skills: Cunning: Dodging and
   Stealth.
   Ranged Combat: Ranged Weapons and Throwing.
 i - the cursed +0 buckler of Ashenzari's Henotheism (worn) {Evo, Melee}
   (You found it on level 1 of the Dungeon)

   It has a curse which improves the following skills: Evocations: Evocations.
   Melee Combat: Short Blades, Long Blades, Axes, Maces & Flails, Polearms,
   Staves and Unarmed Combat.
 l - the cursed +2 hat of Ashenzari's Paranoia (worn) {Self, Evo}
   (You found it on level 2 of the Dungeon)

   It has a curse which improves the following skills: Introspection: Fighting
   and Spellcasting.
   Evocations: Evocations.
 v - a scarf of harm
 z - the cursed +0 pair of gloves "I Knew You'd Do That" (worn) {Range, Evo}
   (You found it on level 7 of the Dungeon)

   It has a curse which improves the following skills: Ranged Combat: Ranged
   Weapons and Throwing.
   Evocations: Evocations.
 A - the cursed +0 cloak of the Ruined Lethargy (worn) {Cun, Melee}
   (You found it on level 7 of the Dungeon)

   It has a curse which improves the following skills: Cunning: Dodging and
   Stealth.
   Melee Combat: Short Blades, Long Blades, Axes, Maces & Flails, Polearms,
   Staves and Unarmed Combat.
 G - a +0 ring mail of willpower
 J - +0 fire dragon scales
 N - a +5 scale mail
 P - +0 acid dragon scales
Magical Staves
 t - a cursed staff of death (weapon) {Evo, Melee}
 Q - a staff of fire
Jewellery
 f - the cursed ring of Supernal Knowledge (right hand) {rC+, Melee, Fort}
   (You found it on level 1 of the Dungeon)

   [ring of protection from cold]

   rC:        It protects you from cold.
   It has a curse which improves the following skills: Melee Combat: Short
   Blades, Long Blades, Axes, Maces & Flails, Polearms, Staves and Unarmed
   Combat.
   Fortitude: Armour and Shields.
 w - a ring of see invisible (left hand)
 B - the cursed amulet of Ashenzari's Lethargy (around neck) {Acrobat, Cun, Range}
   (You found it on level 7 of the Dungeon)

   [amulet of the acrobat]

   It increases your evasion while moving and waiting.
   It has a curse which improves the following skills: Cunning: Dodging and
   Stealth.
   Ranged Combat: Ranged Weapons and Throwing.
Wands
 h - a wand of polymorph (10)
 H - a wand of digging (5)
 I - a wand of charming (9)
Scrolls
 c - 3 scrolls of fog
 e - 2 scrolls of blinking
 m - 2 scrolls of noise
 n - 10 scrolls of identify
 r - 3 scrolls of vulnerability
 s - 2 scrolls of immolation
 y - a scroll of fear
 C - a scroll of poison
 E - a scroll of enchant weapon
 F - a scroll of magic mapping
 M - a scroll of teleportation
Potions
 b - 3 potions of magic
 d - 3 potions of cancellation
 g - 2 potions of haste
 j - a potion of heal wounds
 k - 2 potions of attraction
 o - 4 potions of ambrosia
 q - 3 potions of curing
 u - a potion of mutation
 D - a potion of might
 K - a potion of brilliance
 O - a potion of resistance
Miscellaneous
 L - a lightning rod (4/4)


   Skills:
 * Level 12.1(14.3) Fighting
 - Level 2.8(6.4) Dodging
 + Level 3.7(7.6) Stealth
 * Level 12.0(14.3) Spellcasting


You had 12 spell levels left.
You knew the following spells:

 Your Spells              Type           Power      Damage    Failure   Level
a - Magic Dart            Conj           100%       1d8       0%          1
b - Searing Ray           Conj           100%       2d8       1%          2
c - Dazzling Flash        Conj/Hex       100%       N/A       1%          3
d - Fulminant Prism       Conj/Hex       36%        3d17      1%          4
e - Iskenderun's Mystic   Conj/Tloc      73%        2d15      1%          4
f - Necrotise             Necr           100%       1d9       0%          1
g - Call Imp              Summ           73%        N/A       1%          2
h - Wereblood             Tmut           73%        N/A       1%          2
i - Confusing Touch       Hex            73%        N/A       1%          3
j - Arcjolt               Conj/Air       36%        1d46      1%          5
Your spell library was empty.

Dungeon Overview and Level Annotations

Branches:
Dungeon (13/15)            Temple (1/1) D:4            Lair (0/5) D:11
    Orc (1/2) D:9
 Vaults: D:13-14

Altars:
Ashenzari
Cheibriados
Dithmenos
Elyvilon
Fedhas
Gozag
Hepliaklqana
Makhleb
Nemelex Xobeh
Okawaru
Qazlal
Ru
Trog
Uskayaw
Wu Jian
Xom
Yredelemnul
Zin
The Shining One

Shops:
D:2 *=*!   D:7 *   D:9 [

Portals:
Trove: D:10 (give +5 demon trident)

Annotations:
D:3 Grinder, Sigmund
D:4 Edmund
D:5 2 runed translucent doors, Errthou's ghost, amateur MiBe
D:7 Maggie
D:9 Jorgrun


Innate Abilities, Weirdness & Mutations

You are immune to sickness and miasma.
You are immune to poison.
Your flesh is very heat resistant. (rF++)
You are vulnerable to cold. (rC-)
You float through the air rather than walking.
You learn spells naturally, not from books.
Your magical power is your life essence.
You have superior vitality. (+4 MHP)


Message History

Found 25 gold pieces.
Your fulminant prism crackles loudly.
Your fulminant prism explodes!
The blast of energy engulfs the orc!!!
You kill the orc!
You hear a shout!
Casting: Fulminant Prism (safe; 1% risk of failure)
Confirm with . or Enter, or press ? or * to list all spells.
You erupt in a blast of force!
The mystic blast hits the ogre!
The ogre is heavily wounded.
The mystic blast hits Jorgrun!
Jorgrun is lightly wounded.
Jorgrun hits you with a staff of earth! Jorgrun hits you with a staff of earth!
Jorgrun shatters you!
As you read the scroll of fear, it crumbles to dust.
You assume a fearsome visage.
Jorgrun easily resists.
The orc warrior looks frightened!
The orc priest looks frightened!
The ogre looks frightened!
Jorgrun barely misses you. Jorgrun attacks as you move away!
Jorgrun hits you with a staff of earth! Jorgrun shatters you.
Jorgrun completely misses you.
There is a staircase back to the Dungeon here.
Jorgrun hits you with a staff of earth!
* * * LOW HITPOINT WARNING * * *
Jorgrun shatters you!
* * * LOW HITPOINT WARNING * * *
You fly upwards.
Welcome back to the Dungeon!
There is a staircase to the Orcish Mines here.
Okay, then.
You feel much better. Jorgrun misses you.
Casting: Iskenderun's Mystic Blast (safe; 1% risk of failure)
Confirm with . or Enter, or press ? or * to list all spells.
You erupt in a blast of force!
The mystic blast hits Jorgrun!
Jorgrun is lightly wounded.
Jorgrun is knocked back by the mystic blast.
* * * LOW HITPOINT WARNING * * *
Jorgrun points at you and mumbles some strange words.
The iron shot hits you!!!
Ouch! That really hurt!
You die...

#.#.#.....#......<........
#.#.#.....#.......###.....
#.#..####.#.##....# #...#.
#.##.# #.#.##....# #...#.
######.##.####.#.##....# #...#.
##............#.#.#.....#######.
#..#######[...#.#.#.....#.......
#...............#.......#.######
#..#.#.#.#[....@#.......#.#.....
#...................##..#.#.....
#..#.#.#)#.[[..>....##..#.#.....
#..............g....##..#.#!....
#..#.#.#.#..........##..#.#.....
##..................##..#.#.....
#.#.#.#.#..^.............#.....
#.........#####################
###########


You could see Jorgrun.

Vanquished Creatures
  A hydra (D:13)
  Erica (D:10)
  5 two-headed ogres
  A deep elf pyromancer (D:13)
  A manticore (D:11)
  2 ugly things (D:12)
  3 cyclopes
  3 kobold demonologists
  A hornet (D:9)
  A troll (D:11)
  A wyvern (D:9)
  A shadow (D:12)
  A wraith (D:10)
  23 yaks
  3 acid dragons
  A water moccasin (D:9)
  2 orc warriors
  2 black bears
  An ogre (D:6)
  3 centaurs
  2 phantoms
  6 kobold brigands
  6 bullfrogs
  Blork the orc (D:6)
  3 scorpions
  5 wights (D:8)
  5 killer bees (D:8)
  5 howler monkeys
  3 hounds
  2 jellies
  4 orc priests
  7 orc wizards
  7 adders
  A gnoll (D:1)
  2 shadow imps
  A worm (D:3)
  4 dart slugs
  20 orcs
  6 endoplasms
  16 giant cockroaches
  8 goblins
  3 hobgoblins
  3 quokkas
  7 ball pythons
  6 bats
  5 frilled lizards
  14 kobolds
  5 rats
  A fulminant prism (D:12)
215 creatures vanquished.

Vanquished Creatures (collateral kills)
  An ogre (D:4)
  A bullfrog (D:6)
  A howler monkey (D:5)
3 creatures vanquished.

Vanquished Creatures (others)
  A human (D:7)
  117 fulminant prisms
  12 fungi (D:11)
  21 plants (D:11)
  5 toadstools (D:9)
156 creatures vanquished.

Grand Total: 374 creatures vanquished

Notes
Turn   | Place    | Note
-------+----------+-------------------------------------------
     0 | D:1      | pon the Djinni Conjurer began the quest for the Orb.
     0 | D:1      | pon set off with the following spells memorised: Magic
                  | Dart, Searing Ray, Dazzling Flash, Fulminant Prism,
                  | Iskenderun's Mystic Blast.
     0 | D:1      | Reached XP level 1. HP: 15/15 MP: 0/0
   206 | D:1      | Reached XP level 2. HP: 20/21 MP: 0/0
   464 | D:1      | Reached XP level 3. HP: 21/25 MP: 0/0
   464 | D:1      | Learned a level 1 spell: Necrotise
  1008 | D:2      | Found Fussag's Distillery.
  1016 | D:2      | Bought a potion of heal wounds for 60 gold pieces
  1095 | D:2      | Found the +5 Storm Queen's Shield {shock, Fly rElec}
  1099 | D:2      | Reached XP level 4. HP: 31/31 MP: 0/0
  1150 | D:2      | Found Eriuboism's Jewellery Shop.
  1162 | D:2      | Identified the +5 short sword of Temperance {heavy, Contam
                  | rElec rCorr Dex-5}
  1427 | D:2      | Found Dyly's Assorted Antiques.
  1433 | D:2      | Bought a scroll labelled OPNARU DIAMIWK for 18 gold pieces
  1433 | D:2      | Bought a blue potion for 16 gold pieces
  1433 | D:2      | Bought a scroll labelled BYGIRECR VAMM for 18 gold pieces
  1433 | D:2      | Bought a puce potion for 16 gold pieces
  1758 | D:2      | Found Jiac's Assorted Antiques.
  1766 | D:2      | Bought a scroll labelled NAOBBIEBLY for 29 gold pieces
  1879 | D:3      | Noticed Sigmund
  2151 | D:3      | Noticed Grinder
  2166 | D:3      | Paralysed by Grinder for 3 turns
  2279 | D:4      | Noticed Edmund
  2279 | D:4      | Noticed a phantom
  2369 | D:3      | Reached XP level 5. HP: 32/35 MP: 0/0
  2369 | D:3      | Learned a level 2 spell: Call Imp
  2587 | D:5      | Entered Level 5 of the Dungeon
  3059 | D:5      | Reached skill level 5 in Spellcasting
  3059 | D:5      | Reached XP level 6. HP: 17/40 MP: 0/0
  3362 | D:5      | Noticed an ogre
  3570 | D:4      | Reached XP level 7. HP: 37/45 MP: 0/0
  3570 | D:4      | Learned a level 2 spell: Wereblood
  3871 | D:4      | Found a staircase to the Ecumenical Temple.
  3880 | Temple   | Entered the Ecumenical Temple
  4057 | Temple   | Became a worshipper of Ashenzari the Shackled
  4757 | D:3      | Paralysed by Grinder for 3 turns
  4800 | D:3      | Paralysed by Grinder for 3 turns
  4807 | D:3      | Paralysed by Grinder for 5 turns
  5071 | D:5      | Found a large runed translucent door.
  5072 | D:5      | Found a large runed translucent door.
  5073 | D:5      | Noticed Errthou's ghost (amateur MiBe)
  5211 | D:6      | Noticed Blork the orc
  5217 | D:6      | Killed Blork the orc
  5218 | D:6      | Reached XP level 8. HP: 28/50 MP: 0/0
  5693 | D:6      | Noticed a cyclops
  6246 | D:6      | Reached skill level 1 in Fighting
  6505 | D:6      | Killed a cyclops
  6506 | D:6      | Reached XP level 9. HP: 52/62 MP: 0/0
  6506 | D:6      | Learned a level 3 spell: Confusing Touch
  6563 | D:7      | Found Cuwuth's General Store.
  6688 | D:7      | Reached * piety under Ashenzari
  7043 | D:7      | Reached ** piety under Ashenzari
  7356 | D:7      | Found a hazy altar of Hepliaklqana.
  7474 | D:7      | Noticed Maggie
  7869 | D:8      | Reached skill level 5 in Fighting
  8183 | D:8      | Reached *** piety under Ashenzari
  9104 | D:9      | Found a staircase to the Orcish Mines.
  9134 | D:9      | Reached XP level 10. HP: 64/76 MP: 0/0
  9362 | D:9      | Found Ceemmenino's Armour Shop.
  9871 | D:9      | Reached **** piety under Ashenzari
 10109 | D:10     | Entered Level 10 of the Dungeon
 10111 | D:10     | Noticed a two-headed ogre
 10133 | D:9      | Killed a two-headed ogre
 10134 | D:9      | Reached skill level 10 in Spellcasting
 10433 | D:10     | Noticed a two-headed ogre
 10482 | D:9      | Killed a two-headed ogre
 10483 | D:9      | Reached XP level 11. HP: 29/87 MP: 0/0
 10483 | D:9      | Learned a level 5 spell: Arcjolt
 10766 | D:10     | Noticed a sixfirhy
 10984 | D:10     | Noticed Erica
 11229 | D:10     | Found a portal to a secret trove of treasure.
 11334 | D:10     | Reached ***** piety under Ashenzari
 12099 | D:11     | Noticed a cyclops
 12134 | D:11     | Reached skill level 10 in Fighting
 12135 | D:11     | Noticed a manticore
 12286 | D:11     | Killed a manticore
 12778 | D:11     | Noticed a boulder beetle
 12873 | D:10     | Noticed a two-headed ogre
 13102 | D:10     | Killed a two-headed ogre
 13105 | D:10     | Killed Erica
 13887 | D:12     | Reached XP level 12. HP: 87/98 MP: 0/0
 13942 | D:12     | Noticed a two-headed ogre
 13966 | D:12     | Killed a two-headed ogre
 14142 | D:12     | Found a gate leading to a gauntlet.
 14615 | D:12     | Noticed a two-headed ogre
 14643 | D:12     | Killed a two-headed ogre
 14924 | D:13     | Noticed a centaur warrior
 14924 | D:13     | Noticed a boulder beetle
 15053 | D:13     | Noticed an eight-headed hydra
 15057 | D:13     | Killed an eight-headed hydra
 15209 | D:13     | Noticed a deep troll
 15465 | Orc:1    | Entered Level 1 of the Orcish Mines
 15465 | Orc:1    | Noticed Jorgrun
 15483 | D:9      | Killed from afar by Jorgrun

Illustrated notes

Levels and vault maps discovered:
D:1:      onia_arrival_pyramid, layout_basic, minmay_hedge_maze,
          minmay_misc_feat_x, minmay_misc_feat_chi
D:2:      minmay_roachtagon, layout_basic, serial_shops, shop, shop,
          nicolae_shop_trees, shop_fountains
D:3:      layout_basic, uniq_grinder, uniq_sigmund, uniq_natasha
D:4:      layout_loops_ring, minmay_temple_entry_proselytizer,
          minmay_misc_feat_doors, uniq_edmund
D:5:      layout_loops_cross, ebering_ghost_disaster_area
D:6:      layout_loops_cross, nrook_campfire, uniq_blork_the_orc
D:7:      layout_basic, nicolae_vehumet_altar_sigil,
          nicolae_hepliaklqana_hippocampus, tgw_kikubaaqudgha, serial_shops,
          nicolae_take_the_stairs, kennysheep_potato, uniq_maggie
D:8:      layout_basic
D:9:      layout_small_grid, orc_0_dummy, serial_co_window_serial,
          co_window_paths_a, co_window_paths_b, co_window_paths_b,
          co_window_paths_b, co_window_of_opportunity_a, co_window_corner_a,
          co_window_cross_1, co_window_corner_cb, co_window_corner_ca,
          co_window_broadway_b, co_window_corner_b, co_window_of_opportunity_b,
          co_window_sun, glass_columns_a, glass_columns_a, glass_columns_a,
          glass_columns_c, glass_columns_b, serial_shops, shop,
          minmay_gold_behind_fungi
D:10:     layout_layer_cave, nicolae_trove_entry_free_sample, uniq_erica
D:11:     layout_small_grid, grunt_lair_entry_orc_guard_hut
D:12:     layout_roguey, gauntlet_entry_generic, serial_curves, eino_curves_02,
          eino_curves_03
D:13:     layout_roguey, david_vaults_2, nicolae_transmutations_shop,
          uniq_nessos
Temple:   compressed_dpeg_triangle_lava_temple
Orc:1:    layout_caves, guppyfry_library_mini, uniq_jorgrun

Skill      XL: |  1  2  3  4  5  6  7  8  9 10 11 12 |
---------------+-------------------------------------+-----
Stealth        | 2 3 |  3.7
Spellcasting   | 4 5 7 8 9 10 11 12 | 12.0
Fighting       | 3 6 9 11 12 | 12.1
Dodging        | |  2.8

Action                     |  1- 3 |  4- 6 |  7- 9 | 10-12 || total
---------------------------+-------+-------+-------+-------++-------
  Melee: Staff             |       |     1 |       |       ||     1
   Cast: Magic Dart        |    36 |    95 |    47 |    31 ||   209
         Searing Ray       |     2 |    14 |    31 |    44 ||    91
         Call Imp          |       |     3 |     9 |     4 ||    16
         Fulminant Prism   |       |       |    29 |    89 ||   118
         Iskenderun's Myst |       |       |       |    11 ||    11
 Invoke: Curse Item        |       |       |     5 |     3 ||     8
    Use: Scroll            |       |       |     8 |     3 ||    11
         Potion            |       |       |       |     3 ||     3
 Armour: Robe              |       |    10 |     9 |    15 ||    34
  Dodge: Dodged            |     3 |    18 |    50 |    72 ||   143
  Block: Buckler           |       |       |     3 |     7 ||    10

Table legend: (Time is in decaauts)
 A = Elapsed time spent in this place.
 B = Non-inter-level travel time spent in this place.
 C = Inter-level travel time spent in this place.
 D = Time resting spent in this place.
 E = Time spent auto-exploring this place.
 F = Levels seen in this place.
 G = Mean time per level.
                   A        B        C        D        E       F      G
               +--------+--------+--------+--------+--------+-----+--------+
         Total |  15509 |  14654 |    855 |   3487 |   4234 |  15 | 1033.9 |
       Dungeon |  15158 |  14304 |    854 |   3487 |   3956 |  13 | 1166.0 |
        Temple |    338 |    338 |      0 |      0 |    278 |   1 |  338.0 |
  Orcish Mines |     12 |     12 |      0 |      0 |      0 |   1 |   12.0 |
               +--------+--------+--------+--------+--------+-----+--------+

Top non-repeatable levels by time:
    D:10: 2378 daAuts
     D:9: 1962 daAuts
     D:5: 1700 daAuts
    D:12: 1315 daAuts
     D:8: 1255 daAuts
     D:7: 1115 daAuts
     D:1: 979 daAuts
     D:3: 978 daAuts
     D:2: 883 daAuts
     D:4: 878 daAuts
     D:6: 812 daAuts
    D:11: 651 daAuts
  Temple: 338 daAuts
    D:13: 245 daAuts
   Orc:1: 12 daAuts
